[Event "Team 45 45 League T98"]
[Site "Internet Chess Club"]
[Date "2023.12.04"]
[Round "3"]
[White "Lawkeito"]
[Black "QuieroAprender"]
[Result "1-0"]
[WhiteElo "1835"]
[BlackElo "1629"]
[Opening "King's Indian defense, 3.Nc3"]
[ECO "E61"]
[Time "19:02:48"]
[PlyCount "89"]
[TimeControl "2700+45"]

1. d4 Nf6 2. c4 g6 3. Nc3 c6 4. e4 d6 5. Nf3 Bg7 6. Be2 Bg4 7. Be3 Nbd7 8. Rc1
Qa5 9. Nd2 Bxe2 10. Qxe2 e5 11. a3 Qc7 12. h3 O-O 13. d5 Nh5 14. Nf1 Nf4 15.
Bxf4 exf4 16. Nd2 Rae8 17. O-O Ne5 18. Nf3 f5 19. Ng5 f3 20. Nxf3 Nxf3+ 21. Qxf3
fxe4 22. Qg4 Bxc3 23. Rxc3 cxd5 24. cxd5 Qf7 25. Qd1 Rc8 26. Qd4 Rxc3 27. bxc3
Qf6 28. Rd1 b6 29. Qxf6 Rxf6 30. Rd4 Rf5 31. c4 Re5 32. Kf1 g5 33. Ke2 Kf7 34.
Ke3 Kf6 35. Rxe4 Kf5 36. f3 h5 37. g3 Rxe4+ 38. fxe4+ Ke5 39. Kd3 h4 40. gxh4
gxh4 41. Ke3 a6 42. Kd3 b5 43. cxb5 axb5 44. Ke3 Kf6 45. Kf4 {Black resigns} 1-0

[Event "Team 45 45 League T98"]
[Site "Internet Chess Club"]
[Date "2023.12.03"]
[Round "3"]
[White "kabindra"]
[Black "Megasus"]
[Result "0-1"]
[WhiteElo "1683"]
[BlackElo "1553"]
[Opening "Sicilian: Grand Prix attack"]
[ECO "B23"]
[Time "17:30:21"]
[PlyCount "100"]
[TimeControl "2700+45"]

1. e4 c5 2. Nc3 Nc6 3. f4 e6 4. Bc4 a6 5. a4 Nge7 6. e5 Nf5 7. Nf3 Ncd4 8. O-O
Qc7 9. Ne4 h6 10. c3 Nc6 11. Qe1 Na5 12. Be2 Nb3 13. Rb1 c4 14. d3 b5 15. axb5
axb5 16. Nh4 Qb6+ 17. Kh1 Nxc1 18. Rxc1 cxd3 19. Bxd3 Nxh4 20. Qxh4 Qe3 21. Rcd1
Be7 22. Qg4 g5 23. Qh5 gxf4 24. Rf3 Qb6 25. Rxf4 Rf8 26. Rdf1 Bb7 27. Rxf7 Rxf7
28. Qxf7+ Kd8 29. Nf6 Bxf6 30. exf6 Qd6 31. Qg6 Kc7 32. Bxb5 Ra5 33. c4 Ra2 34.
Qg3 e5 35. Qf2 Qd4 36. Qxd4 exd4 37. Rb1 Kd6 38. f7 Ke7 39. Bxd7 Kxf7 40. Bh3
Be4 41. Rf1+ Kg6 42. b4 d3 43. Kg1 Rc2 44. c5 d2 45. Rd1 Rc1 46. Bg4 Bc2 47. Rf1
h5 48. Bf3 Be4 49. Be2 Bd3 50. Kf2 Rxf1+ {White resigns} 0-1

[Event "Team 45 45 League T98"]
[Site "Internet Chess Club"]
[Date "2023.12.02"]
[Round "3"]
[White "fvafier"]
[Black "mongmong"]
[Result "0-1"]
[WhiteElo "1437"]
[BlackElo "1498"]
[Opening "French: advance, Milner-Barry gambit"]
[ECO "C02"]
[Time "07:03:56"]
[PlyCount "76"]
[TimeControl "2700+45"]

1. e4 e6 2. d4 d5 3. e5 c5 4. c3 Nc6 5. Nf3 Qb6 6. Bd3 cxd4 7. cxd4 Bd7 8. O-O
Nxd4 9. Nxd4 Qxd4 10. Nc3 a6 11. Qe2 Ne7 12. Kh1 Nc6 13. Be3 Qxe5 14. f4 Qd6 15.
f5 d4 16. Ne4 Qd5 17. fxe6 Bxe6 18. Bf4 Be7 19. a3 O-O 20. Rac1 Qd7 21. Qf3 Bg4
22. Qg3 Bh5 23. Bh6 Bg6 24. Bf4 Kh8 25. Rce1 Rad8 26. b4 f5 27. Nc5 Bxc5 28.
bxc5 Rfe8 29. Qg5 Rxe1 30. Rxe1 Re8 31. Rf1 Qe7 32. Qg3 Qf7 33. Bd2 Ne5 34. Bc2
Nc4 35. Bb3 Qd5 36. Qf4 Bf7 37. Qxf5 Qxf5 38. Rxf5 Nxd2 {White resigns} 0-1

[Event "Team 45 45 League T98"]
[Site "Internet Chess Club"]
[Date "2023.12.04"]
[Round "3"]
[White "jjmolina1"]
[Black "Denis240964"]
[Result "1/2-1/2"]
[WhiteElo "1445"]
[BlackElo "1312"]
[Opening "Giuoco Pianissimo: Italian four knights variation"]
[ECO "C50"]
[Time "10:30:08"]
[PlyCount "95"]
[TimeControl "2700+45"]

1. e4 e5 2. Nf3 Nc6 3. Bc4 Bc5 4. Nc3 Nf6 5. d3 d6 6. h3 h6 7. O-O O-O 8. a3 Nd4
9. Nxd4 Bxd4 10. Ne2 Bb6 11. c3 c6 12. b4 d5 13. exd5 cxd5 14. Bb3 Be6 15. Be3
Rc8 16. Bxb6 Qxb6 17. a4 Rfe8 18. a5 Qd6 19. Rc1 Rc7 20. d4 e4 21. Qd2 Rec8 22.
Rc2 Bf5 23. Rcc1 Qa6 24. f4 Qd3 25. Rfd1 Qxd2 26. Rxd2 e3 27. Rdd1 Ne4 28. Bxd5
Nxc3 29. Nxc3 Rxc3 30. Rxc3 Rxc3 31. Bxb7 e2 32. Re1 Bd3 33. d5 Kf8 34. Bc6 Ke7
35. b5 Rb3 36. Kf2 Bxb5 37. Bxb5 Rxb5 38. Rxe2+ Kd6 39. Ra2 a6 40. Ra4 Rxd5 41.
Kf3 f5 42. g4 g6 43. Ke3 Kc5 44. gxf5 gxf5 45. h4 Kb5 46. Rd4 Rc5 47. Rd6 Rc6
48. Rd5+ {Game drawn by mutual agreement} 1/2-1/2

[Event "Team 45 45 League T98"]
[Site "Internet Chess Club"]
[Date "2023.12.04"]
[Round "3"]
[White "Gojira"]
[Black "clarinetref"]
[Result "1-0"]
[WhiteElo "1622"]
[BlackElo "1505"]
[Opening "Queen's pawn"]
[ECO "A40"]
[Time "20:08:06"]
[PlyCount "102"]
[TimeControl "2700+45"]

1. d4 a6 2. Bf4 d6 3. e3 Nf6 4. Bd3 g6 5. Nf3 Bg7 6. h3 O-O 7. c3 b6 8. O-O Bb7
9. Be2 Nbd7 10. Re1 c5 11. Qb3 d5 12. Nbd2 Re8 13. Ne5 c4 14. Qc2 Nf8 15. Bf3
N6d7 16. Ndxc4 b5 17. Nxd7 Nxd7 18. Nd2 e5 19. dxe5 Bxe5 20. Bxe5 Nxe5 21. Be2
Rc8 22. Qb3 Qd7 23. Rad1 Qf5 24. Nf3 Nd7 25. Nd4 Qe5 26. Bf3 Nc5 27. Qa3 Nd7 28.
Rd2 Nb6 29. Qb3 Nc4 30. Rd3 Qd6 31. Red1 Ne5 32. R3d2 Nc4 33. Re2 Na5 34. Qc2 b4
35. Qa4 Qb6 36. Qxb4 Qxb4 37. cxb4 Nc4 38. Nb3 Rcd8 39. Nc5 Ba8 40. Nxa6 Ne5 41.
Nc7 Nxf3+ 42. gxf3 Re5 43. Nxa8 Rxa8 44. a3 Rg5+ 45. Kh2 Ra6 46. f4 Rf5 47. Red2
Rd6 48. Kg3 g5 49. Kg4 Rff6 50. Rxd5 Rc6 51. Rxg5+ Rg6 {Black resigns} 1-0

[Event "Team 45 45 League T98"]
[Site "Internet Chess Club"]
[Date "2023.12.03"]
[Round "3"]
[White "Electryon"]
[Black "Rookmaster"]
[Result "1-0"]
[WhiteElo "1630"]
[BlackElo "1527"]
[Opening "Pirc defense"]
[ECO "B07"]
[Time "15:00:11"]
[PlyCount "53"]
[TimeControl "2700+45"]

1. e4 d6 2. d4 Nf6 3. Nc3 Nbd7 4. f4 e5 5. fxe5 dxe5 6. dxe5 Nxe5 7. Qxd8+ Kxd8
8. Bf4 Bd6 9. O-O-O Ke7 10. Bxe5 Bxe5 11. Nf3 Bxc3 12. bxc3 Bg4 13. Rd4 Rhd8 14.
e5 Bxf3 15. exf6+ Kxf6 16. Rf4+ Ke5 17. Rxf3 f5 18. Bd3 g6 19. Re1+ Kd6 20. Rfe3
c6 21. Re7 Rd7 22. R1e6+ Kc7 23. h4 Rd8 24. Kd2 Kb6 25. Ke3 Rxe7 26. Rxe7 h6 27.
Kf4 {Black resigns} 1-0

[Event "Team 45 45 League T98"]
[Site "Internet Chess Club"]
[Date "2023.12.03"]
[Round "3"]
[White "trogers41"]
[Black "garytd"]
[Result "0-1"]
[WhiteElo "1454"]
[BlackElo "1453"]
[Opening "Sicilian: accelerated fianchetto, Breyer variation"]
[ECO "B39"]
[Time "14:00:14"]
[PlyCount "64"]
[TimeControl "2700+45"]

1. e4 c5 2. Nf3 g6 3. d4 cxd4 4. Nxd4 Nc6 5. c4 Bg7 6. Be3 Nf6 7. Nc3 Ng4 8.
Qxg4 Nxd4 9. Qd1 e5 10. Be2 O-O 11. O-O a6 12. b4 Nxe2+ 13. Qxe2 d6 14. Nd5 Qh4
15. f3 f5 16. Bf2 Qd8 17. Rad1 fxe4 18. fxe4 Qg5 19. Qd3 Bg4 20. Be3 Qh4 21.
Rxf8+ Rxf8 22. Rf1 Rxf1+ 23. Qxf1 Be6 24. Nc7 Bf7 25. Nd5 Qxe4 26. Bh6 Qd4+ 27.
Be3 Qh4 28. g3 Qe4 29. Bh6 Bxd5 30. Bxg7 Qh1+ 31. Kf2 Qxf1+ 32. Kxf1 Bxc4+
{White resigns} 0-1

[Event "Team 45 45 League T98"]
[Site "Internet Chess Club"]
[Date "2023.12.05"]
[Round "3"]
[White "DaveTheRook"]
[Black "BlueStorm"]
[Result "1/2-1/2"]
[WhiteElo "1463"]
[BlackElo "1594"]
[Opening "King's Indian: Sämisch, 5...O-O"]
[ECO "E81"]
[Time "17:02:13"]
[PlyCount "177"]
[TimeControl "2700+45"]

1. d4 g6 2. c4 d6 3. Nc3 Bg7 4. e4 Nf6 5. f3 O-O 6. Be3 c6 7. Qd2 Qc7 8. Nge2 e5
9. d5 Qd7 10. Ng3 b6 11. Bd3 Bb7 12. O-O Na6 13. a3 cxd5 14. cxd5 Nc7 15. Rfc1
Rac8 16. Rc2 Na6 17. b4 Nb8 18. Bb5 Qe7 19. Rac1 a6 20. Bd3 b5 21. Kh1 Nfd7 22.
Nce2 Nf6 23. Rxc8 Rxc8 24. Rxc8+ Bxc8 25. Qc1 Qb7 26. Nf1 Ne8 27. Nfg3 Qc7 28.
Qxc7 Nxc7 29. Kg1 h5 30. Nf1 Kh7 31. Kf2 Bh6 32. Bb6 Ne8 33. Ke1 Nd7 34. Bf2 Ng7
35. Kd1 f5 36. Nfg3 f4 37. Nf1 g5 38. Nd2 g4 39. Ng1 Nf6 40. Ba7 Bg5 41. Bb6 h4
42. Ba7 Nfh5 43. Be2 Nf6 44. Bb6 Kg6 45. Bc7 Nge8 46. Bb6 Kh5 47. h3 gxh3 48.
Nxh3 Kg6 49. Nxg5 Kxg5 50. Nf1 Nh5 51. Bd8+ Kg6 52. Bxh4 Nef6 53. Bf2 Kg5 54.
Ke1 Ng7 55. Nd2 Nge8 56. Bb6 Nh5 57. Nf1 Kh4 58. Bd8+ Nhf6 59. Bb6 Kh5 60. Kf2
Kg6 61. Kg1 Kf7 62. Kf2 Ke7 63. Kg1 Nd7 64. Bf2 Nc7 65. Bh4+ Ke8 66. Nd2 Na8 67.
Kh2 Nab6 68. Bf2 Na4 69. g4 fxg3+ 70. Kxg3 Nc3 71. Bf1 Kd8 72. Bd3 Kc7 73. Kg2
Nb6 74. Nb1 Nxb1 75. Bxb1 Nc4 76. Bd3 Nxa3 77. Be3 Bd7 78. Kf2 Nc4 79. Bxc4 bxc4
80. Ke2 Bb5 81. Kd2 Kb7 82. Kc3 Kc7 83. f4 exf4 84. Bxf4 Kd7 85. Bg3 Ke7 86. Bf4
Kd7 87. Bg3 Ke7 88. Bf4 Kd7 89. Bg3 {Game drawn by repetition} 1/2-1/2

[Event "Team 45 45 League T98"]
[Site "Internet Chess Club"]
[Date "2023.11.30"]
[Round "3"]
[White "Portola"]
[Black "elmaestro"]
[Result "1/2-1/2"]
[WhiteElo "1732"]
[BlackElo "1629"]
[Opening "Dutch, 2.Bg5 variation"]
[ECO "A80"]
[Time "17:09:36"]
[PlyCount "115"]
[TimeControl "2700+45"]

1. d4 f5 2. Bg5 g6 3. c3 Bg7 4. e3 Nf6 5. Bxf6 Bxf6 6. Be2 e6 7. Nf3 b6 8. Nbd2
Bb7 9. Qc2 d5 10. c4 Nd7 11. cxd5 exd5 12. Bb5 O-O 13. Bc6 Qc8 14. Rc1 Bd8 15.
O-O Rf6 16. Bxd7 Qxd7 17. Ne5 Qd6 18. Ndf3 Re6 19. Qa4 c6 20. Rc2 b5 21. Qb3 Rc8
22. Rfc1 a6 23. Ne1 g5 24. N1d3 Bb6 25. Nc5 Bxc5 26. Rxc5 Rh6 27. Qc2 Rf8 28. g3
Rff6 29. Qb3 Qd8 30. Kg2 g4 31. Nd3 Qe8 32. Nf4 Qe4+ 33. Kf1 Rxh2 34. Ke2 Qf3+
35. Kd3 Rxf2 36. Re1 Rh6 37. Kc3 Rhh2 38. Nd3 Rd2 39. Kb4 Qe4 40. Rc3 Rhe2 41.
Rxe2 Qe7+ 42. Nc5 Rxe2 43. a4 Ba8 44. Ka3 Qd6 45. Ka2 Qxg3 46. Nxa6 Qd6 47. axb5
g3 48. Qd1 Rf2 49. Qh5 Qg6 50. Qh4 g2 51. Qd8+ Kg7 52. Qe7+ Qf7 53. Qg5+ Qg6 54.
Qe7+ Kh8 55. Qd8+ Kg7 56. Qe7+ Qf7 57. Qg5+ Qg6 58. Qe7+ {Game drawn by
repetition} 1/2-1/2

[Event "Team 45 45 League T98"]
[Site "Internet Chess Club"]
[Date "2023.12.01"]
[Round "3"]
[White "burlap"]
[Black "justice02"]
[Result "0-1"]
[WhiteElo "1352"]
[BlackElo "1600"]
[Opening "Queen's pawn, Mason variation"]
[ECO "D00"]
[Time "20:00:16"]
[PlyCount "102"]
[TimeControl "2700+45"]

1. d4 d5 2. Bf4 c6 3. e3 a6 4. Bd3 Nd7 5. Nf3 Ngf6 6. Nbd2 g6 7. h3 Bg7 8. O-O
O-O 9. c3 Re8 10. Ne5 Nxe5 11. Bxe5 Nh5 12. Bxg7 Nxg7 13. Re1 e5 14. dxe5 Rxe5
15. e4 Ne6 16. Nf3 Rh5 17. exd5 Rxd5 18. Re3 Nf4 19. Nd4 c5 20. Bc4 Rg5 21. Ne2
Rxg2+ 22. Kh1 Bd7 23. Nxf4 Rxf2 24. Rf3 Bc6 25. Bd5 Rxb2 26. Bxc6 Qc7 27. Bd5 g5
28. Qc1 Rb6 29. Rb1 Rxb1 30. Qxb1 gxf4 31. Qd1 Rd8 32. c4 b5 33. cxb5 axb5 34.
Rd3 Kf8 35. Qc2 c4 36. Rd4 Qe5 37. Qxh7 Rxd5 38. Rxd5 Qxd5+ 39. Kg1 Qg5+ 40. Kf2
Qg3+ 41. Kf1 Qd3+ 42. Qxd3 cxd3 43. Ke1 f3 44. h4 f5 45. h5 f4 46. h6 b4 47. h7
Kg7 48. h8=Q+ Kxh8 49. a4 bxa3 50. Kd1 f2 51. Kd2 f1=Q {White resigns} 0-1

[Event "Team 45 45 League T98"]
[Site "Internet Chess Club"]
[Date "2023.12.03"]
[Round "3"]
[White "nosir"]
[Black "oldprez1"]
[Result "1/2-1/2"]
[WhiteElo "1396"]
[BlackElo "1234"]
[Opening "King's Indian: 6.Be2"]
[ECO "E91"]
[Time "13:00:14"]
[PlyCount "91"]
[TimeControl "2700+45"]

1. d4 Nf6 2. c4 g6 3. Nc3 Bg7 4. Nf3 O-O 5. e4 d6 6. Be2 Nbd7 7. Bd2 e5 8. dxe5
dxe5 9. Qc1 Nc5 10. Bg5 Nd3+ 11. Bxd3 Qxd3 12. Nxe5 Qd6 13. Nf3 Qc6 14. Nd5 Re8
15. Nxf6+ Bxf6 16. Bxf6 Qxf6 17. e5 Qe7 18. O-O Bf5 19. Re1 Rad8 20. Qh6 Bg4 21.
Qf4 Bxf3 22. Qxf3 Qc5 23. Qc3 Rd4 24. b3 Rf4 25. Qe3 Qd4 26. Rad1 Qxe3 27. Rxe3
Rf5 28. Rde1 Kg7 29. g4 Rf4 30. h3 Rd8 31. e6 fxe6 32. Rxe6 Rf7 33. R6e2 c5 34.
Kf1 Rd3 35. Kg2 b6 36. Re7 Rd2 37. a4 Rb2 38. R7e3 Rbxf2+ 39. Kg1 Rb2 40. Rf1
Rd7 41. g5 Rdd2 42. Re7+ Kg8 43. Rff7 Rb1+ 44. Rf1 Rbb2 45. Re8+ Kg7 46. Re7+
{Game drawn by mutual agreement} 1/2-1/2

[Event "Team 45 45 League T98"]
[Site "Internet Chess Club"]
[Date "2023.11.30"]
[Round "3"]
[White "Fulmar"]
[Black "herrahuu"]
[Result "0-1"]
[WhiteElo "1214"]
[BlackElo "1415"]
[Opening "Queen's pawn game"]
[ECO "D04"]
[Time "12:11:03"]
[PlyCount "66"]
[TimeControl "2700+45"]

1. d4 d5 2. Nf3 Nf6 3. e3 c6 4. Bd3 Bg4 5. c4 dxc4 6. Bxc4 e6 7. O-O Bd6 8. Be2
O-O 9. b3 Nbd7 10. Bb2 Bb8 11. Nbd2 c5 12. Rc1 cxd4 13. Bxd4 e5 14. Bb2 e4 15.
Nd4 Bxe2 16. Qxe2 Ne5 17. Rc2 a6 18. Nf5 Qd7 19. Ng3 Qd3 20. Qxd3 exd3 21. Rc5
Re8 22. Rfc1 Bd6 23. Ra5 b6 24. Bxe5 Bxe5 25. Ra4 b5 26. Rh4 Rec8 27. Rxc8+ Rxc8
28. Nge4 Rc1+ 29. Nf1 Nxe4 30. Rxe4 f6 31. f4 d2 32. fxe5 d1=Q 33. Rg4 Qxf1#
{White checkmated} 0-1

[Event "Team 45 45 League T98"]
[Site "Internet Chess Club"]
[Date "2023.11.30"]
[Round "3"]
[White "fhunfi"]
[Black "ARMAND02019"]
[Result "1/2-1/2"]
[WhiteElo "1696"]
[BlackElo "1559"]
[Opening "Sicilian defense"]
[ECO "B32"]
[Time "19:30:43"]
[PlyCount "92"]
[TimeControl "2700+45"]

1. e4 c5 2. Nf3 Nc6 3. d4 d5 4. exd5 Qxd5 5. Nc3 Qd8 6. d5 Nb8 7. Bb5+ Bd7 8.
Bxd7+ Nxd7 9. O-O Ngf6 10. Qe2 Qb6 11. Rd1 e6 12. dxe6 Qxe6 13. Qxe6+ fxe6 14.
Re1 e5 15. Nxe5 Nxe5 16. Rxe5+ Kf7 17. Re2 h6 18. Bf4 g5 19. Bg3 Rd8 20. Rae1
Rh7 21. f3 a6 22. a4 Nh5 23. Ne4 b5 24. axb5 axb5 25. Be5 Kg6 26. g4 Nf4 27.
Bxf4 gxf4 28. h4 Rhd7 29. h5+ Kf7 30. Kg2 Rd5 31. Nc3 Rd2 32. Nxb5 Bg7 33. Nc3
Bxc3 34. bxc3 Kf6 35. Kf2 R8d5 36. Ra1 Rd6 37. Ra8 Rd1 38. Rg8 Kf7 39. Rge8 Rh1
40. Kg2 Rdd1 41. R8e7+ Kf6 42. R7e5 Rdg1+ 43. Kf2 Rf1+ 44. Kg2 Rhg1+ 45. Kh2
Rh1+ 46. Kg2 Rhg1+ {Game drawn by mutual agreement} 1/2-1/2

[Event "Team 45 45 League T98"]
[Site "Internet Chess Club"]
[Date "2023.12.03"]
[Round "3"]
[White "Kingofknights"]
[Black "evan7284"]
[Result "0-1"]
[WhiteElo "1506"]
[BlackElo "1606"]
[Opening "Queen's gambit declined"]
[ECO "D30"]
[Time "14:30:08"]
[PlyCount "45"]
[TimeControl "2700+45"]

1. d4 d5 2. c4 e6 3. Bf4 Bd6 4. Bxd6 Qxd6 5. e3 c6 6. Nf3 f5 7. Ne5 Nf6 8. c5
Qe7 9. Be2 O-O 10. f4 Ne4 11. Nd2 Qh4+ 12. g3 Nxg3 13. hxg3 Qxh1+ 14. Nf1 Nd7
15. Bf3 Qh6 16. Nd3 b6 17. Qc2 Ba6 18. Nb4 Bxf1 19. Kxf1 Rac8 20. Kg2 bxc5 21.
Rh1 Qf6 22. dxc5 Rb8 23. b3 {White resigns} 0-1

[Event "Team 45 45 League T98"]
[Site "Internet Chess Club"]
[Date "2023.12.02"]
[Round "3"]
[White "BrerRabbit"]
[Black "Signofthetimes"]
[Result "0-1"]
[WhiteElo "1354"]
[BlackElo "1558"]
[Opening "Queen's pawn"]
[ECO "A40"]
[Time "20:01:23"]
[PlyCount "68"]
[TimeControl "2700+45"]

1. d4 c6 2. Nf3 d5 3. g3 Nf6 4. Bg2 Bf5 5. c4 e6 6. Nc3 dxc4 7. Ne5 Be7 8. Nxc4
O-O 9. e4 Bg6 10. O-O Nbd7 11. Be3 Nb6 12. b3 h6 13. Rc1 Bb4 14. Nd2 Qe7 15. e5
Nfd5 16. Nxd5 Nxd5 17. Ne4 Nxe3 18. fxe3 Rad8 19. Rc4 Bxe4 20. Bxe4 Ba5 21. Qa1
Qg5 22. Rf4 Rd7 23. b4 Bc7 24. Kg2 f5 25. exf6 Bxf4 26. exf4 Qxf6 27. a4 Rfd8
28. b5 cxb5 29. axb5 Rxd4 30. Rxd4 Qxd4 31. Qb1 b6 32. Kf3 h5 33. Qa2 Qc3+ 34.
Kg2 Rd2+ {White resigns} 0-1

[Event "Team 45 45 League T98"]
[Site "Internet Chess Club"]
[Date "2023.12.02"]
[Round "3"]
[White "kingphisch"]
[Black "sdcohle"]
[Result "0-1"]
[WhiteElo "1283"]
[BlackElo "1424"]
[Opening "St. George defense"]
[ECO "B00"]
[Time "17:30:44"]
[PlyCount "124"]
[TimeControl "2700+45"]

1. e4 a6 2. d4 e6 3. Nf3 d5 4. e5 c5 5. b4 cxd4 6. Nxd4 Bxb4+ 7. c3 Be7 8. Bd3
Nc6 9. O-O Nxe5 10. Be2 Nf6 11. Bf4 Ng6 12. Bg3 O-O 13. Nd2 Bd6 14. Bxd6 Qxd6
15. N4f3 b5 16. Ng5 h6 17. Nde4 Nxe4 18. Nxe4 Qc6 19. Ng3 Qxc3 20. Rc1 Qe5 21.
Re1 Qf6 22. Qd2 Qe7 23. Bd3 Bb7 24. Nf5 Qg5 25. Qxg5 hxg5 26. Ng3 Rac8 27. Ne2
Ne5 28. Bc2 Nc4 29. Bd3 Rc7 30. Rc2 Rfc8 31. Rec1 Rc6 32. Nd4 R6c7 33. Nb3 Rc6
34. Nd4 Rd6 35. Nf3 f6 36. Nd4 Kf7 37. Re1 e5 38. Nf5 Rdc6 39. Rec1 Na5 40. Rxc6
Rxc6 41. Rxc6 Bxc6 42. Nd6+ Ke6 43. Nc8 f5 44. Na7 Kd7 45. Bxf5+ Kc7 46. Nxc6
Kxc6 47. Kf1 Kc5 48. Ke2 Nc4 49. Kd3 e4+ 50. Kc3 a5 51. Kb3 Kd4 52. Kc2 b4 53.
Bg6 Ne5 54. Be8 Ng4 55. f3 Ne3+ 56. Kd2 Nxg2 57. fxe4 dxe4 58. Bb5 e3+ 59. Ke2
Nf4+ 60. Ke1 Nd3+ 61. Ke2 Nc1+ 62. Ke1 Nxa2 {White resigns} 0-1

[Event "Team 45 45 League T98"]
[Site "Internet Chess Club"]
[Date "2023.12.02"]
[Round "3"]
[White "Megasus"]
[Black "burlap"]
[Result "0-1"]
[WhiteElo "1530"]
[BlackElo "1370"]
[Opening "Queen's pawn game"]
[ECO "D05"]
[Time "21:00:30"]
[PlyCount "100"]
[TimeControl "2700+45"]

1. Nf3 Nf6 2. d4 d5 3. e3 e6 4. Nbd2 c5 5. c3 Nc6 6. Bb5 Bd7 7. O-O Bd6 8. h3
O-O 9. Bd3 Qc7 10. b3 cxd4 11. exd4 e5 12. dxe5 Nxe5 13. Nxe5 Bxe5 14. Bb2 Rac8
15. Rc1 Qa5 16. b4 Qxa2 17. Qb3 Qxb3 18. Nxb3 Ne4 19. Nd4 Rfe8 20. Ne2 a6 21.
Rfd1 Ba4 22. Bc2 Bxc2 23. Rxc2 Bd6 24. Rd4 Rc4 25. Rxc4 dxc4 26. Kf1 Rc8 27. Nd4
Be5 28. Nf5 Rd8 29. Ke2 g6 30. Nh6+ Kg7 31. Ng4 f6 32. Ke3 Ng5 33. f4 Rd3+ 34.
Ke2 Bxf4 35. Nf2 Re3+ 36. Kf1 Ne4 37. Nxe4 Rxe4 38. Kf2 f5 39. g3 Be5 40. Kf3 h5
41. Bc1 Kf6 42. h4 Rg4 43. Bf4 Bxf4 44. gxf4 Rxh4 45. Kg3 g5 46. fxg5+ Kxg5 47.
Rd2 f4+ 48. Kg2 Rg4+ 49. Kf2 Rg3 50. Rd5+ Kg4 {White resigns} 0-1

[Event "Team 45 45 League T98"]
[Site "Internet Chess Club"]
[Date "2023.12.01"]
[Round "3"]
[White "ChessG2011"]
[Black "Pawnchain"]
[Result "0-1"]
[WhiteElo "1379"]
[BlackElo "1384"]
[Opening "Scandinavian (center counter) defense"]
[ECO "B01"]
[Time "16:00:38"]
[PlyCount "78"]
[TimeControl "2700+45"]

1. e4 d5 2. exd5 Qxd5 3. Nc3 Qa5 4. Bb5+ c6 5. Ba4 Nf6 6. Nf3 Bg4 7. h3 Bh5 8.
d3 e6 9. Bb3 Nbd7 10. Bg5 Bxf3 11. Qxf3 Qxg5 12. Ne2 Ne5 13. Qg3 Qxg3 14. Nxg3
O-O-O 15. O-O-O Bc5 16. f3 Bf2 17. Ne4 Nxe4 18. fxe4 Bd4 19. Rhf1 Rhf8 20. c3
Be3+ 21. Kc2 Ng6 22. g3 Kc7 23. Rde1 Bc5 24. Rf3 Ne5 25. Rff1 Nxd3 26. Rd1 Ne5
27. g4 Rxd1 28. Rxd1 Rd8 29. Rf1 Rd7 30. a3 Be3 31. Re1 Bg5 32. Re2 Re7 33. Kb1
f6 34. Bc2 Nc4 35. Rh2 Bh4 36. Bd3 Ne5 37. Bc2 Nf3 38. Rh1 Rd7 39. Rf1 Nd2+
{White resigns} 0-1

[Event "Team 45 45 League T98"]
[Site "Internet Chess Club"]
[Date "2023.12.04"]
[Round "3"]
[White "PsyMar"]
[Black "defythemachine"]
[Result "0-1"]
[WhiteElo "1326"]
[BlackElo "1316"]
[Opening "French: Burn variation"]
[ECO "C11"]
[Time "19:30:13"]
[PlyCount "42"]
[TimeControl "2700+45"]

1. e4 e6 2. d4 d5 3. Nc3 Nf6 4. Bg5 dxe4 5. Nxe4 Nbd7 6. Bd3 c5 7. Ne2 Be7 8.
Bxf6 gxf6 9. Qd2 f5 10. Nxc5 Nxc5 11. dxc5 Bd7 12. O-O-O Qc7 13. Qc3 Rg8 14. g3
Qxc5 15. f4 O-O-O 16. Bc4 Kb8 17. Bb3 Qxc3 18. Nxc3 a6 19. Rd3 Bc6 20. Na4 Rxd3
21. cxd3 Bxh1 {White resigns} 0-1

[Event "Team 45 45 League T98"]
[Site "Internet Chess Club"]
[Date "2023.12.01"]
[Round "3"]
[White "Tjet"]
[Black "Dwilkes"]
[Result "1-0"]
[WhiteElo "1282"]
[BlackElo "1068"]
[Opening "Queen's pawn game, Darooha variation "]
[ECO "D02"]
[Time "21:00:24"]
[PlyCount "47"]
[TimeControl "2700+45"]

1. Nf3 d5 2. d4 Nf6 3. g3 e6 4. Bg2 c5 5. c3 Be7 6. O-O Nc6 7. dxc5 Bxc5 8. b4
Bd6 9. a3 O-O 10. Nbd2 b5 11. Re1 a5 12. Bb2 Ne5 13. Nxe5 Bxe5 14. Nf3 Bd6 15.
Nd2 Qb6 16. e4 dxe4 17. Nxe4 Nxe4 18. Bxe4 Bb7 19. Bxb7 Rad8 20. Bg2 Bxg3 21.
Qf3 Bh4 22. Rad1 Rfe8 23. Bc1 Rxd1 24. Rxd1 {Black resigns} 1-0

[Event "Team 45 45 League T98"]
[Site "Internet Chess Club"]
[Date "2023.12.02"]
[Round "3"]
[White "kabindra"]
[Black "Chess4Him"]
[Result "0-1"]
[WhiteElo "1652"]
[BlackElo "1503"]
[Opening "Caro-Kann: advance variation"]
[ECO "B12"]
[Time "16:00:29"]
[PlyCount "66"]
[TimeControl "2700+45"]

1. e4 c6 2. d4 d5 3. e5 Bf5 4. Ne2 e6 5. Ng3 Ne7 6. Bg5 Nd7 7. Nxf5 exf5 8. Bd3
Qb6 9. Bxe7 Bxe7 10. Bxf5 O-O-O 11. Nd2 Qxd4 12. Qe2 g6 13. Bxd7+ Rxd7 14. O-O
Re8 15. c3 Qf4 16. Nf3 Bd6 17. Rfe1 Rde7 18. g3 Qg4 19. b4 Bxe5 20. Nxe5 Qxe2
21. Rxe2 Rxe5 22. Rxe5 Rxe5 23. Kg2 Re2 24. Rc1 Rxa2 25. c4 Rd2 26. b5 Kd7 27.
cxd5 cxb5 28. Rc5 a6 29. Kf3 Kd6 30. Rc8 Rxd5 31. Rf8 b6 32. g4 f5 33. g5 b4
{White resigns} 0-1

[Event "Team 45 45 League T98"]
[Site "Internet Chess Club"]
[Date "2023.12.02"]
[Round "3"]
[White "blind-warrior"]
[Black "jjmolina1"]
[Result "0-1"]
[WhiteElo "1202"]
[BlackElo "1451"]
[Opening "Queen's bishop game"]
[ECO "D00"]
[Time "09:00:55"]
[PlyCount "68"]
[TimeControl "2700+45"]

1. d4 d5 2. Bf4 Nf6 3. Nf3 Nbd7 4. h3 c6 5. c3 e6 6. Nbd2 Be7 7. e3 O-O 8. Bd3
Re8 9. Ne5 Nf8 10. O-O N6d7 11. Nxd7 Qxd7 12. e4 Ng6 13. Bh2 Bd6 14. e5 Be7 15.
f4 f5 16. Nf3 c5 17. Rc1 c4 18. Bb1 b5 19. b3 a5 20. a4 Ba3 21. Rc2 cxb3 22.
Rcf2 bxa4 23. Bd3 Ba6 24. Bxa6 Rxa6 25. Qa1 Be7 26. Rb2 Rb6 27. Nd2 Reb8 28.
Rfb1 Qc6 29. Rc1 a3 30. Rxb3 Rxb3 31. Nxb3 Rxb3 32. Rc2 a4 33. Bg3 Qb5 34. Kh2
Qd3 {White resigns} 0-1

[Event "Team 45 45 League T98"]
[Site "Internet Chess Club"]
[Date "2023.12.04"]
[Round "3"]
[White "Conjurer"]
[Black "oldbookseller"]
[Result "1-0"]
[WhiteElo "1019"]
[BlackElo "866"]
[Opening "Queen's pawn, Mason variation"]
[ECO "D00"]
[Time "15:03:15"]
[PlyCount "47"]
[TimeControl "2700+45"]

1. d4 d5 2. Bf4 Nf6 3. e3 e6 4. Nf3 b6 5. c4 Bb7 6. cxd5 Bxd5 7. Nc3 Bc6 8. Bb5
Be7 9. Ne5 O-O 10. Nxc6 Nxc6 11. Bxc6 Rc8 12. O-O g6 13. Bh6 Qd6 14. Bxf8 Bxf8
15. Ne4 Qxc6 16. Nxf6+ Kh8 17. Rc1 Qb5 18. Qb3 Qf5 19. Nd7 Bd6 20. Ne5 Qh5 21.
e4 c5 22. Nxf7+ Kg7 23. Nxd6 Rc6 24. Qxe6 {Black resigns} 1-0

[Event "Team 45 45 League T98"]
[Site "Internet Chess Club"]
[Date "2023.12.01"]
[Round "3"]
[White "mongmong"]
[Black "Electryon"]
[Result "0-1"]
[WhiteElo "1483"]
[BlackElo "1617"]
[Opening "Queen's pawn game"]
[ECO "A54"]
[Time "19:00:31"]
[PlyCount "49"]
[TimeControl "2700+45"]

1. d4 Nf6 2. Nf3 d6 3. c4 Nbd7 4. Nc3 e5 5. dxe5 dxe5 6. Bg5 Be7 7. e3 O-O 8.
Be2 Ne8 9. Bxe7 Qxe7 10. Nd5 Qd6 11. Nc3 Qg6 12. O-O Nef6 13. Re1 e4 14. Nh4 Qg5
15. g3 Re8 16. Ng2 Nf8 17. Nf4 Ng6 18. Nxg6 Qxg6 19. Nd5 Nxd5 20. Qxd5 c6 21.
Qh5 Qf6 22. Red1 Qxb2 23. Bf1 Qf6 24. Qc5 Bg4 25. Rd6 {White resigns} 0-1